 Dungeon Crawl Stone Soup version 0.23.2-40-g277498a001 (webtiles) character file.

Game seed: 16991100188430685951

109 MalarOregon the Sneak (level 4, 0/36 HPs)
             Began as a Draconian Enchanter on Sept 18, 2019.
             Was an Initiate of Dithmenos.
             Slain by a shadow imp (4 damage)
             ... summoned by Natasha
             ... on level 2 of the Dungeon.
             The game lasted 00:02:20 (1878 turns).

MalarOregon the Sneak (Draconian Enchanter)         Turns: 1878, Time: 00:02:22

Health: 0/36       AC:  5    Str: 10    XL:     4   Next: 59%
Magic:  5/7        EV: 13    Int: 16    God:    Dithmenos [......]
Gold:   108        SH:  0    Dex: 12    Spells: 6/7 levels left

rFire    . . .     SeeInvis .   a - +1 dagger
rCold    . . .     Gourm    .   (no shield)
rNeg     . . .     Faith    .   (armour unavailable)
rPois    .         Spirit   .   (helmet restricted)
rElec    .         Reflect  .   (no cloak)
rCorr    .         Harm     .   (no gloves)
MR       .....                  (no boots)
Stlth    ++........             (no amulet)
HPRegen  0.12/turn              (no ring)
MPRegen  0.10/turn              (no ring)

@: slowed, very slow
A: unfitting armour, cold-blooded, AC +5
a: Renounce Religion


You were on level 2 of the Dungeon.
You worshipped Dithmenos.
Dithmenos was noncommittal.
You were not hungry.

You visited 1 branch of the dungeon, and saw 2 of its levels.

You collected 108 gold pieces.

Inventory:

Hand Weapons
 a - a +1 dagger (weapon)
Jewellery
 f - an uncursed ring of poison resistance {unknown}
   (You found it on level 1 of the Dungeon)
Scrolls
 b - a scroll of immolation {unknown}
 d - 3 scrolls of teleportation {unknown}
 g - a scroll of enchant weapon {unknown}
 i - a scroll of fear {unknown}
 j - a scroll of enchant armour {unknown}
 k - a scroll of blinking {unknown}
Potions
 c - a potion of might {unknown}
 h - a potion of lignification {!q}
Comestibles
 e - 3 rations {!d}


   Skills:
 * Level 1.8 Fighting
 * Level 2.2 Short Blades
 * Level 2.6 Dodging
 + Level 3.0 Stealth
 + Level 2.3 Spellcasting
 + Level 3.0 Hexes


You had 6 spell levels left.
You knew the following spells:

 Your Spells              Type           Power        Failure   Level  Hunger
a - Corona                Hex            ##.....      6%          1    #......

Your spell library contained the following spells:

 Spells                   Type           Power        Failure   Level  Hunger
 Ensorcelled Hibernation  Hex/Ice        #.....       16%         2    ###....
 Confuse                  Hex            ##......     17%         3    ###....
 Tukima's Dance           Hex            ##......     17%         3    ###....
 Dazzling Spray           Conj/Hex       #.....       32%         3    ###....


Dungeon Overview and Level Annotations

Branches:
Dungeon (2/15)

Altars:
Dithmenos
Ru

Annotations:
D:2 Natasha


Innate Abilities, Weirdness & Mutations

Your plain brown scales are hard. (AC +5)
You cannot fit into any form of body armour.
You are cold-blooded and may be slowed by cold attacks.


Message History

You hit the bat. The bat barely misses you. The bat misses you.
The bat hits you but does no damage.
You closely miss the bat. The bat barely misses you. The bat misses you.
You closely miss the bat. The bat barely misses you.
You hit the bat but do no damage. The bat misses you. x2
You hit the bat.
You kill the bat!
Dithmenos accepts your kill.
No target in view!
No target in view!
No target in view!
No target in view!
No target in view!
No target in view!
No target in view!
No target in view!
No target in view!
Natasha, Servant of Life and Death comes into view.
Natasha hisses angrily.
Found a robe.
Natasha casts a spell at you. The magic dart hits you.
Found a ring mail.
You closely miss Natasha. Natasha closely misses you.
You closely miss Natasha. You hit Natasha.
Natasha stares at you and mumbles some strange words.
You feel yourself slow down.
Aim: Natasha (lightly wounded, chance to defeat MR: 47%) Natasha resists with significant effort.
Natasha claws you but does no damage. Natasha claws you.
Aim: Natasha (lightly wounded, chance to defeat MR: 47%) Natasha is outlined in light.
Natasha claws you.
You hit Natasha.
Your tail-slap misses Natasha.
Natasha stares at you and mumbles some strange words.
You feel as though you will be slow longer.
Natasha mumbles some strange words.
You hit Natasha. You tail-slap Natasha. Natasha barely misses you.
The shadow imp barely misses you.
You completely miss Natasha. Natasha closely misses you.
The shadow imp gestures at you. Pain shoots through your body!
* * * LOW HITPOINT WARNING * * *
You closely miss Natasha. Natasha claws you!
* * * LOW HITPOINT WARNING * * *
The shadow imp hits you.
* * * LOW HITPOINT WARNING * * *
Natasha growls.
Natasha claws you but does no damage. The shadow imp hits you.
You die...

#.# ##.# #.# #..^
#.# #..# #.# #..#
#.# #..# #.# #..#
#.#
####.#..#######.#
.[....h@........#
######5##########
#. #. #. #. #. .[


You could see Natasha and a shadow imp.

Vanquished Creatures
  A worker ant (D:2)
  Robin (D:2)
  2 adders (D:2)
  A worm (D:2)
  A leopard gecko (D:1)
  A ball python (D:2)
  3 giant cockroaches (D:1)
  10 goblins
  8 hobgoblins
  3 jackals (D:1)
  4 kobolds (D:1)
  A quokka (D:2)
  5 bats
  3 frilled lizards
  5 rats
49 creatures vanquished.

Notes
Turn   | Place    | Note
-------+----------+-------------------------------------------
     0 | D:1      | MalarOregon the Draconian Enchanter began the quest for the
                  | Orb.
     0 | D:1      | Reached XP level 1. HP: 14/14 MP: 3/3
    55 | D:1      | Reached XP level 2. HP: 17/22 MP: 5/5
   631 | D:1      | Reached XP level 3. HP: 27/27 MP: 6/6
   733 | D:2      | Noticed Robin
   851 | D:1      | Reached skill level 1 in Fighting
  1254 | D:2      | Killed Robin
  1373 | D:2      | Reached XP level 4. HP: 27/35 MP: 7/7
  1425 | D:2      | Found a sacrificial altar of Ru.
  1425 | D:2      | Found a shadowy altar of Dithmenos.
  1461 | D:2      | Became a worshipper of Dithmenos the Shadowed
  1866 | D:2      | Noticed Natasha
  1878 | D:2      | Slain by a shadow imp

Skill      XL: |  1  2  3  4 |
---------------+-------------+-----
Dodging        | 2 |  2.6
Fighting       | 1 |  1.8
Stealth        | 3 |  3.0
Short Blades   | 2 |  2.2
Hexes          | 3 |  3.0
Spellcasting   | |  2.3

Action                   |  1- 3 |  4- 6 || total
-------------------------+-------+-------++-------
Melee: Dagger            |   149 |    52 ||   201
       Tailslap          |    17 |     6 ||    23
 Cast: Corona            |       |     2 ||     2
  Use: Potion            |       |     1 ||     1
 Stab: Sleeping          |     4 |       ||     4
       Distracted        |     1 |       ||     1
  Eat: Chunk             |     2 |     1 ||     3
Armor: Skin              |    51 |    27 ||    78
Dodge: Dodged            |    99 |    21 ||   120
